 Dungeon Crawl Stone Soup version 0.29.1-1-gd02db6906a (webtiles) character file.

Game seed: 17859278127701204779

35 Earthwalker the Trooper (level 3, 0/33 HPs)
             Began as a Minotaur Fighter on Oct 6, 2022.
             Succumbed to a kobold's poison
             ... on level 2 of the Dungeon.
             The game lasted 00:04:32 (964 turns).

Earthwalker the Trooper (Minotaur Fighter)           Turns: 964, Time: 00:04:32

Health: 0/33       AC:  7    Str: 20    XL:     3   Next: 16%
Magic:  2/2        EV:  9    Int:  5    God:
Gold:   43         SH:  4    Dex: 11    Spells: 2/2 levels left

rFire   . . .      SeeInvis .   a - +1 long sword
rCold   . . .      Faith    .   c - +0 buckler
rNeg    . . .      Spirit   .   b - +0 scale mail
rPois   .          Reflect  .   (helmet restricted)
rElec   .          Harm     .   (no cloak)
rCorr   .          Rampage  .   (no gloves)
Will    .....                   (no boots)
Stlth   ..........              (no amulet)
HPRegen 0.11/turn               (no ring)
MPRegen 0.08/turn               (no ring)

@: lethally poisoned (0 -> -3), slowed, very slow
A: horns 2, retaliatory headbutt
a: no special abilities


You were on level 2 of the Dungeon.
You visited 1 branch of the dungeon, and saw 2 of its levels.

You collected 43 gold pieces.

Inventory:

Hand Weapons
 a - a +1 long sword (weapon)
Armour
 b - a +0 scale mail (worn)
 c - a +0 buckler (worn)
Scrolls
 e - a scroll of blinking {unknown}
Potions
 d - a potion of might
 f - a potion of lignification
 g - a potion of degeneration {unknown}
 h - 2 potions of heal wounds {unknown}
 i - a potion of brilliance {unknown}
 k - a potion of flight {unknown}


   Skills:
 + Level 4.0 Fighting
 + Level 2.9 Long Blades
 + Level 4.0 Armour
 + Level 0.9 Dodging
 + Level 4.0 Shields


You had 2 spell levels left.
You didn't know any spells.
Your spell library contained the following spells:

 Spells                   Type           Power      Damage    Failure   Level
 Ensorcelled Hibernation  Hex/Ice        0%         N/A       96%         2
 Passwall                 Tmut/Erth      0%         N/A       96%         2
 Swiftness                Air            0%         N/A       99%         3


Dungeon Overview and Level Annotations

Branches:
Dungeon (2/15)

Altars:


Innate Abilities, Weirdness & Mutations

You have a pair of horns on your head.
You reflexively headbutt those who attack you in melee.


Message History

You kill the endoplasm!
You barely miss the kobold. Your headbutt misses the kobold.
The kobold completely misses you. The kobold hits you but does no damage.
You are poisoned.
You hit the kobold.
The kobold is severely wounded.
You feel sick. Natasha casts a spell at you. The magic dart hits you!
The kobold hits you but does no damage.
You are more poisoned.
You hit the kobold.
You kill the kobold!
You feel very sick. Natasha casts a spell at you. The magic dart hits you.
Found a robe.
You feel sick. Natasha claws you.
You miss Natasha. You headbutt Natasha.
Natasha is moderately wounded.
You feel sick.
Natasha mumbles some strange words.
You closely miss Natasha.
Natasha is moderately wounded.
You feel sick.
A frilled lizard comes into view.
Natasha casts a spell.
The crimson imp hits you.
* * * LOW HITPOINT WARNING * * *
Natasha claws you but does no damage.
The frilled lizard hisses angrily.
You slash Natasha! Your headbutt misses Natasha.
Natasha is severely wounded.
You feel sick. The crimson imp barely misses you. The crimson imp hits you.
* * * LOW HITPOINT WARNING * * *
Natasha stares at you and mumbles some strange words.
You feel yourself slow down.
You closely miss Natasha. You headbutt Natasha.
You kill Natasha!
Natasha yowls pathetically as she dies!
The crimson imp disappears in a puff of smoke! x2
You die...

...... . [..... ..
......# ##.####..
#..... .##.#.....
#..l..#######..........
#....... .... ..[.....
#......####.#####......
#@§..#............
##§......##.......
........#.######.......
..........# #.......
..........# #.#.....
........... #..#....#
#..#######.. ...#..#...
#.# ####......... #.
#.......#.


You could see a frilled lizard.

Vanquished Creatures
  Natasha (D:2)
  A dart slug (D:1)
  6 endoplasms
  A giant cockroach (D:2)
  5 hobgoblins (D:1)
  2 jackals (D:2)
  4 kobolds
  2 quokkas
  2 ball pythons
  2 bats
  2 frilled lizards (D:1)
  A goblin (D:1)
  A rat (D:1)
30 creatures vanquished.

Vanquished Creatures (others)
  2 demonic plants (D:1)
  8 fungi (D:1)
  3 plants (D:1)
  2 withered plants (D:1)
15 creatures vanquished.

Grand Total: 45 creatures vanquished

Notes
Turn   | Place    | Note
-------+----------+-------------------------------------------
     0 | D:1      | Earthwalker the Minotaur Fighter began the quest for the
                  | Orb.
     0 | D:1      | Reached XP level 1. HP: 19/19 MP: 0/0
   176 | D:1      | Found a faded altar of an unknown god.
   187 | D:1      | Reached XP level 2. HP: 27/27 MP: 1/1
   908 | D:2      | Reached XP level 3. HP: 30/33 MP: 2/2
   955 | D:2      | Noticed Natasha
   963 | D:2      | HP: 1/33 [crimson imp[Natasha] (3)]
   964 | D:2      | Killed Natasha
   964 | D:2      | Succumbed to a kobold's poison

Illustrated notes

Levels and vault maps discovered:
D:1:      amcnicky_arrival_single_pillar, layout_loops_ring,
          shapermc_ecumenical_altar_gd, grunt_decor_one_mirror
D:2:      layout_rooms, uniq_natasha

Skill      XL: |  1  2 |
---------------+-------+-----
Fighting       | 4 |  4.0
Armour         | 4 |  4.0
Shields        | 4 |  4.0
Long Blades    | |  2.9
Dodging        | |  0.9

Action                   || total
-------------------------++-------
Melee: Long sword        ||    85
       Headbutt          ||     8
  Use: Scroll            ||     4
Armor: Scale mail        ||    40
Dodge: Dodged            ||    34
Block: Buckler           ||    17
